 Dungeon Crawl Stone Soup version 0.24.0-13-gcf9b3192b9 (webtiles) character file.

Game seed: 7247731878391572427, levelgen mode: deterministic

134 GordonOverkill the Shield-Bearer (level 4, -2/39 HPs)
             Began as a Minotaur Fighter on Nov 5, 2019.
             Was an Initiate of Elyvilon.
             Killed by divine providence
             ... invoked by an orc priest
              (14 damage)
             ... on level 3 of the Dungeon.
             The game lasted 00:03:43 (2174 turns).

GordonOverkill the Shield-Bearer (Minotaur Fighter) Turns: 2174, Time: 00:03:43

Health: -2/39      AC:  6    Str: 27    XL:     4   Next: 95%
Magic:  3/3        EV:  8    Int:  5    God:    Elyvilon [......]
Gold:   81         SH: 10    Dex:  9    Spells: 3/3 levels left

rFire    . . .     SeeInvis .   a - +0 war axe
rCold    . . .     Gourm    .   c - +0 shield
rNeg     . . .     Faith    .   b - +0 scale mail
rPois    .         Spirit   .   (helmet restricted)
rElec    .         Reflect  .   (no cloak)
rCorr    .         Harm     .   (no gloves)
MR       .....                  (no boots)
Stlth    ..........             (no amulet)
HPRegen  0.13/turn              (no ring)
MPRegen  0.08/turn              (no ring)

@: mighty
A: retaliatory headbutt, horns 2
a: Renounce Religion


You were on level 3 of the Dungeon.
You worshipped Elyvilon.
Elyvilon was noncommittal.
You were not hungry.

You visited 1 branch of the dungeon, and saw 3 of its levels.

You collected 81 gold pieces.

Inventory:

Hand Weapons
 a - a +0 war axe (weapon)
Missiles
 o - 4 javelins (quivered)
Armour
 b - a +0 scale mail (worn)
 c - a +0 shield (worn)
Scrolls
 f - a scroll of noise {unknown}
 g - 2 scrolls of immolation {unknown}
 i - 2 scrolls of blinking {unknown}
 j - a scroll of identify {unknown}
 k - a scroll of remove curse {unknown}
 l - 2 scrolls of enchant weapon {unknown}
 m - 2 scrolls of magic mapping {unknown}
 q - a scroll of fear {unknown}
 r - 2 scrolls of teleportation {unknown}
 s - a scroll of fog {unknown}
Potions
 d - a potion of might
 h - a potion of lignification {unknown}
 n - a potion of brilliance {unknown}
 t - a potion of degeneration {unknown}
Comestibles
 e - 8 rations
 p - 7 chunks of flesh


   Skills:
 - Level 3.6 Fighting
 + Level 4.3 Axes
 + Level 1.9 Throwing
 - Level 3.6 Armour
 + Level 5.1 Shields


You had 3 spell levels left.
You didn't know any spells.
Your spell library was empty.

Dungeon Overview and Level Annotations

Branches:
Dungeon (3/15)

Altars:
Dithmenos
Elyvilon
Fedhas
Sif Muna
Yredelemnul


Innate Abilities, Weirdness & Mutations

You reflexively headbutt those who attack you in melee.
You have a pair of horns on your head.


Message History

You slash the jackal skeleton!
You destroy the jackal skeleton!
The orc priest mumbles some strange prayers to Beogh against you.
Beogh smites you!
* * * LOW HITPOINT WARNING * * *
You barely miss the orc. The orc hits you with a +0 club.
* * * LOW HITPOINT WARNING * * *
The orc priest casts a cantrip, but nothing happens.
You are too injured to fight recklessly!
You feel very mighty all of a sudden. The orc hits you with a +0 club.
* * * LOW HITPOINT WARNING * * *
You slash the orc!
You kill the orc!
You block the orc's attack.
You slash the orc!
You kill the orc!
The orc priest mumbles some strange prayers to Beogh against you.
Beogh smites you!
You die...

# #? ##.# .#
####..Z###### #.#
#.....ooo...# #.#
...#..o####o# #.#
?...#.# #@#
#.####### (.. #. #.#
#.......##### . #
#.####..###.......
#.................
######............
#######..#.........
........###........
.######..#......#.#
..#######.....(.##.#


You could see an orc priest.

Vanquished Creatures
  7 adders
  2 oozes (D:1)
  A worm (D:3)
  A dart slug (D:1)
  3 orcs (D:3)
  4 bats
  5 giant cockroaches
  4 goblins
  7 hobgoblins
  5 jackals
  4 kobolds
  3 quokkas
  A jackal skeleton (D:3)
  6 rats
53 creatures vanquished.

Notes
Turn   | Place    | Note
-------+----------+-------------------------------------------
     0 | D:1      | GordonOverkill the Minotaur Fighter began the quest for the
                  | Orb.
     0 | D:1      | Reached XP level 1. HP: 19/19 MP: 0/0
    34 | D:1      | Reached skill level 4 in Shields
    40 | D:1      | Reached XP level 2. HP: 22/26 MP: 1/1
   817 | D:2      | Reached XP level 3. HP: 31/31 MP: 2/2
  1045 | D:2      | Found a white marble altar of Elyvilon.
  1066 | D:2      | Became a worshipper of Elyvilon the Healer
  1099 | D:2      | Reached skill level 1 in Throwing
  1177 | D:2      | Reached XP level 4. HP: 39/39 MP: 3/3
  1188 | D:2      | Found a basalt altar of Yredelemnul.
  1318 | D:2      | Found a faded altar of an unknown god.
  1627 | D:2      | Found a blossoming altar of Fedhas.
  1757 | D:2      | Found a shimmering blue altar of Sif Muna.
  1937 | D:3      | Found a shadowy altar of Dithmenos.
  2005 | D:3      | Reached skill level 5 in Shields
  2174 | D:3      | Killed from afar by an orc priest

Levels and vault maps discovered:
D:1:      minmay_arrival_cross, layout_loops_ring
D:2:      layout_basic, lemuel_blue_sif_altar, fedhas_altar_4,
          old_standard_altar, yredelemnul_altar_generic,
          chequers_ecumenical_altar_simple_redux
D:3:      layout_loops_ring, nicolae_dithmenos_through_a_glass_darkly,
          portal_sewer_entry_e

Skill      XL: |  1  2  3  4 |
---------------+-------------+-----
Shields        | 4 5 |  5.1
Axes           | 3 4 |  4.3
Throwing       | 1 |  1.9
Fighting       | |  3.6
Armour         | |  3.6

Action                   |  1- 3 |  4- 6 || total
-------------------------+-------+-------++-------
Melee: War axe           |    70 |    72 ||   142
       Headbutt          |     8 |     9 ||    17
Throw: Javelin           |     7 |     1 ||     8
  Use: Potion            |       |     1 ||     1
  Eat: Chunk             |     1 |     3 ||     4
Armor: Scale mail        |    30 |    27 ||    57
Dodge: Dodged            |    21 |    21 ||    42
Block: Shield            |    25 |    42 ||    67
